 Dungeon Crawl Stone Soup version 0.29.1-2-gbd0b4ee654 (webtiles) character file.

Game seed: 13960698066633808233

3899 Godmorgon the Basher (level 10, 0/79 HPs)
             Began as a Formicid Abyssal Knight on Oct 27, 2022.
             Was a High Priest of Lugonu.
             Slain by a sixfirhy (7 damage)
             ... summoned by a kobold demonologist
             ... on level 9 of the Dungeon on Oct 28, 2022.
             The game lasted 00:39:18 (10527 turns).

Godmorgon the Basher (Formicid Abyssal Knight)     Turns: 10527, Time: 00:39:19

Health: 0/79       AC: 11    Str: 29    XL:     10   Next: 43%
Magic:  15/15      EV: 14    Int:  9    God:    Lugonu [*****.]
Gold:   397        SH:  0    Dex: 14    Spells: 9/9 levels left

rFire   . . .      SeeInvis +   a - +1 morningstar (freeze)
rCold   . . .      Faith    .   (no shield)
rNeg    . . .      Spirit   .   p - +2 scale mail {rPois}
rPois   +          Reflect  .   (helmet unavailable)
rElec   .          Harm     .   y - +0 cloak
rCorr   .          Rampage  .   u - +1 pair of gloves
Will    +....                   (no boots)
Stlth   ..........              I - amulet of regeneration
HPRegen 1.03/turn               l - +6 ring of strength
MPRegen 0.14/turn               J - +4 ring of evasion

@: no status effects
A: permanent stasis, dig shafts and tunnels, antennae 3, four strong arms
a: Dig, Shaft Self, Renounce Religion, Depart the Abyss, Bend Space, Banish,
Corrupt, Enter the Abyss


You were on level 9 of the Dungeon.
You worshipped Lugonu.
Lugonu was extremely pleased with you.
You visited 1 branch of the dungeon, and saw 9 of its levels.
You visited the Abyss 1 time.

You collected 397 gold pieces.

Inventory:

Hand Weapons
 a - a +1 morningstar of freezing (weapon)
 b - a +2 whip of holy wrath
 z - a +0 giant club
 G - a +0 sling of flaming
Missiles
 g - 5 boomerangs (quivered)
Armour
 p - a +2 scale mail of poison resistance (worn)
 u - a +1 pair of gloves (worn)
 y - a +0 cloak (worn)
Jewellery
 l - a +6 ring of strength (left hand)
 I - an amulet of regeneration (around neck)
 J - a +4 ring of evasion (right hand)
Wands
 d - a wand of light (4)
 k - a wand of mindburst (7)
 t - a wand of digging (11)
 v - a wand of roots (14)
 x - a wand of paralysis (13)
 C - a wand of flame (20)
Scrolls
 o - a scroll of acquirement {unknown}
 q - 2 scrolls of enchant weapon
Potions
 c - a potion of might {unknown}
 e - 2 potions of magic
 f - 2 potions of mutation {unknown}
 h - 2 potions of lignification
 i - a potion of resistance {unknown}
 j - 6 potions of curing
 m - a potion of heal wounds {unknown}
 n - a potion of degeneration {unknown}
 w - 2 potions of cancellation
 D - a potion of brilliance {unknown}
 E - a potion of berserk rage {unknown}
 H - 2 potions of attraction


   Skills:
 + Level 7.5 Fighting
 * Level 9.2 Maces & Flails
 - Level 6.0 Throwing
 - Level 2.1 Armour
 - Level 0.8 Dodging
 + Level 4.3 Shields
 + Level 7.9 Invocations


You had 9 spell levels left.
You didn't know any spells.
Your spell library was empty.

Dungeon Overview and Level Annotations

Branches:
Dungeon (9/15)             Temple (0/1) D:5
   Lair: D:8-11         Orc: D:9-12

Altars:
Dithmenos
Elyvilon
Fedhas
Gozag
Vehumet
Wu Jian

Shops:
D:6 [   D:7 *

Annotations:
D:2 1 runed translucent door, Crazy Yiuf


Innate Abilities, Weirdness & Mutations

You cannot be hasted, slowed, berserked, paralysed or teleported.
You can dig through walls and to a lower floor.
You have a pair of large antennae on your head. (SInv)
Your four strong arms can wield two-handed weapons with a shield.


Message History

The kobold throws a stone.
The stone hits you but does no damage.
The kobold throws a stone.
The stone hits you but does no damage.
The kobold demonologist gestures wildly while chanting.
Throw: 3 javelins
Press: ? - help, Q - select action, (/) - cycle Shift-Dir - straight line, f - kobold demonologist
Aim: a kobold demonologist, wielding a +0 dagger and wearing a +0 robe (56% to hit)
You throw a javelin. The javelin pierces through the kobold!
You kill the kobold!
Lugonu accepts your kill.
The javelin closely misses the kobold.
The javelin pierces through the kobold demonologist!
The kobold demonologist is lightly wounded.
Throw: 2 javelins
Press: ? - help, Q - select action, (/) - cycle Shift-Dir - straight line, f/p - kobold demonologist
Aim: a kobold demonologist, wielding a +0 dagger and wearing a +0 robe (lightly wounded, 56% to hit)
You throw a javelin. The javelin closely misses the kobold.
The javelin misses the kobold demonologist.
Throw: javelin
Press: ? - help, Q - select action, (/) - cycle Shift-Dir - straight line, f/p - kobold demonologist
Aim: a kobold demonologist, wielding a +0 dagger and wearing a +0 robe (lightly wounded, 56% to hit)
You throw a javelin.
The iron imp shouts, "Go and return not, thou skyhacking moldwarp crab-lanthorn!"
The javelin pierces through the kobold.
You kill the kobold!
Lugonu accepts your kill.
The javelin barely misses the kobold demonologist.
You hear a shout!
The kobold demonologist casts a spell.
The sixfirhy hits you! The sixfirhy shocks you! The sixfirhy hits you.
The sixfirhy shocks you! The sixfirhy attacks as you move away!
The sixfirhy hits you but does no damage.
The sixfirhy closely misses you.
There is a stone staircase leading up here.
The sixfirhy hits you! The sixfirhy shocks you! The sixfirhy hits you!
* * * LOW HITPOINT WARNING * * *
The sixfirhy shocks you!
* * * LOW HITPOINT WARNING * * *
The sixfirhy barely misses you. The sixfirhy hits you!
You die...

#.# #..########5.#
#. #.#
#......{{(55.# #{
#.#
#...########.#####{
#.# #..K# #..{{{K.
#.# #...# #..#####
#.# #...# #..# #
#.# #...# #..# #
#.# #.3.# #..# #
#.# #.@.# #..# #
#.# #...# #..# #
#.# #...# #..# #
#.# #...# #..# #
#.# #...# #..# #
#.# #..<# #..# #
#.# #...# #..# #
#.# #...# #..# #
#.# #...# #..# #


You could see a kobold demonologist and a sixfirhy (summoned).

Vanquished Creatures
  Maggie (D:6)
  A hornet (D:9)
  A shadow (D:9)
  Grum (D:8)
  2 water moccasins
  2 ice beasts
  An orc warrior (D:9)
  A black bear (D:7)
  2 ogres
  4 wolves (D:8)
  5 necrophages
  4 bullfrogs
  6 scorpions
  2 howler monkeys
  A hound (D:4)
  A jelly (D:4)
  4 orc priests
  A gnoll bouda (D:8)
  4 iguanas
  Ijyb (D:3)
  Terence (D:3)
  4 orc wizards
  8 adders
  27 gnolls
  2 shadow imps
  A white imp (D:6)
  An ufetubus (D:5)
  A worm (D:4)
  A dart slug (D:4)
  18 orcs
  7 ball pythons
  10 endoplasms
  2 giant cockroaches
  4 goblins
  8 hobgoblins
  7 jackals
  14 kobolds
  A quokka (D:3)
  A bat (D:3)
  2 frilled lizards
  8 rats
173 creatures vanquished.

Vanquished Creatures (others)
  A butterfly (D:4)
  A fungus (D:2)
  13 plants
  2 withered plants (D:1)
17 creatures vanquished.

Grand Total: 190 creatures vanquished

Notes
Turn   | Place    | Note
-------+----------+-------------------------------------------
     0 | Abyss:1  | Godmorgon the Formicid Abyssal Knight began the quest for
                  | the Orb.
     0 | Abyss:1  | Reached XP level 1. HP: 18/18 MP: 2/2
     1 | D:1      | Escaped the Abyss
    71 | D:1      | Reached XP level 2. HP: 24/24 MP: 3/3
   528 | D:1      | Reached skill level 1 in Throwing
   828 | D:1      | Reached XP level 3. HP: 14/29 MP: 4/4
   839 | D:1      | Reached *** piety under Lugonu
  1193 | D:1      | Found a faded altar of an unknown god.
  1660 | D:2      | Reached XP level 4. HP: 37/37 MP: 6/6
  1847 | D:2      | Found an opulent altar of Gozag.
  2021 | D:2      | Found a runed translucent door.
  2022 | D:2      | Noticed Crazy Yiuf
  2075 | D:3      | Reached skill level 3 in Maces & Flails
  2242 | D:3      | Found a blossoming altar of Fedhas.
  2335 | D:3      | Noticed Terence
  2359 | D:3      | Killed Terence
  2360 | D:3      | Reached XP level 5. HP: 18/42 MP: 7/7
  3133 | D:3      | Noticed Ijyb
  3157 | D:3      | Killed Ijyb
  3300 | D:4      | Reached XP level 6. HP: 16/48 MP: 8/8
  3767 | D:4      | Reached skill level 4 in Maces & Flails
  3905 | D:4      | Reached XP level 7. HP: 51/55 MP: 9/9
  3986 | D:4      | Reached **** piety under Lugonu
  4254 | D:4      | Found a white marble altar of Elyvilon.
  4679 | D:4      | Found a radiant altar of Vehumet.
  4936 | D:4      | Reached skill level 5 in Maces & Flails
  5068 | D:5      | Entered Level 5 of the Dungeon
  5100 | D:4      | Reached XP level 8. HP: 56/61 MP: 11/11
  5247 | D:5      | Reached skill level 5 in Fighting
  5348 | D:5      | Found a staircase to the Ecumenical Temple.
  5588 | D:5      | Reached skill level 5 in Throwing
  5593 | D:5      | Reached skill level 5 in Invocations
  6485 | D:5      | Reached skill level 6 in Maces & Flails
  7313 | D:6      | Reached XP level 9. HP: 63/68 MP: 13/13
  7386 | D:6      | Found an opulent altar of Gozag.
  7434 | D:6      | Found an ornate altar of the Wu Jian Council.
  7800 | D:6      | Reached skill level 7 in Maces & Flails
  7974 | D:6      | Noticed Maggie
  7989 | D:6      | Killed Maggie
  8372 | D:6      | Found Ycaidagh's Armour Boutique.
  8695 | D:7      | Found Coubrok's Mayhem Merchandise.
  8978 | D:7      | Reached skill level 1 in Shields
  9054 | D:7      | Reached skill level 8 in Maces & Flails
  9112 | D:7      | Identified the +0 hat of Uhad {rN+ Will+ Stlth+}
  9972 | D:8      | Reached XP level 10. HP: 69/77 MP: 15/15
 10002 | D:8      | Noticed Grum
 10007 | D:8      | Killed Grum
 10196 | D:9      | Found a shadowy altar of Dithmenos.
 10260 | D:9      | Reached skill level 9 in Maces & Flails
 10401 | D:9      | Reached ***** piety under Lugonu
 10491 | D:9      | Noticed a kobold demonologist
 10491 | D:9      | Noticed a kobold demonologist
 10520 | D:9      | Noticed a sixfirhy
 10527 | D:9      | Slain by a sixfirhy

Illustrated notes

Levels and vault maps discovered:
D:1:      erik_arrival_cave_to_civilisation [erik_arrival_cave_to_hall],
          layout_rooms, shapermc_ecumenical_altar_flowoftime,
          hangedman_decor_lopped, grunt_decor_resistance, nicolae_grassy_gnolls
D:2:      layout_loops_cross, basic_altar, uniq_crazy_yiuf_cottage
D:3:      layout_rooms, mainiacjoe_overflow_24_doors, uniq_ijyb, uniq_terence
D:4:      layout_cave_pods, nicolae_elyvilon_peaceful_grove,
          vehumet_altar_wand_db, minmay_misc_feat_room, serial_bayou_pond_c
D:5:      layout_cave_pods, minmay_temple_entry_proselytizer, minmay_checkerbox
D:6:      layout_rooms, mainiacjoe_overflow_small_starburst, old_standard_altar,
          serial_shops, nicolae_shop_trees, uniq_maggie
D:7:      layout_loops_ring, minmay_shop_mayhem
D:8:      layout_basic, uniq_grum
D:9:      layout_long_grid, overflow_temple_1_default, minivault_7

Skill      XL: |  1  2  3  4  5  6  7  8  9 10 |
---------------+-------------------------------+-----
Throwing       | 1 2 3 4 5 6 |  6.0
Maces & Flails | 3 4 5 6 8 9 |  9.2
Invocations    | 3 4 5 7 |  7.9
Fighting       | 4 5 6 7 |  7.5
Shields        | 2 4 |  4.3
Armour         | |  2.1
Dodging        | |  0.8

Action                   |  1- 3 |  4- 6 |  7- 9 | 10-12 || total
-------------------------+-------+-------+-------+-------++-------
Melee: Mace              |    56 |       |       |       ||    56
       Flail             |    53 |   120 |   245 |       ||   418
       Punch             |     2 |       |     2 |       ||     4
       Whip              |       |       |    24 |       ||    24
       Morningstar       |       |       |    47 |    46 ||    93
Throw: Stone             |     6 |    16 |       |       ||    22
       Boomerang         |       |    10 |    34 |       ||    44
       Javelin           |       |       |     7 |    10 ||    17
Invok: Banish            |       |       |       |     1 ||     1
 Abil: Dig               |       |       |     1 |       ||     1
Evoke: Wand              |       |       |     5 |       ||     5
  Use: Scroll            |       |       |    17 |       ||    17
 Stab: Paralysed         |       |       |     8 |       ||     8
Armor: Leather armour    |    13 |       |       |       ||    13
       Scale mail        |    27 |    38 |   156 |    17 ||   238
Dodge: Dodged            |    53 |    62 |   181 |    34 ||   330
